 Dungeon Crawl Stone Soup version 0.31-a0-321-g19405a7a6a (webtiles) character file.

Game seed: 455836196433790500

474 LeprechaunX the Changeling (level 7, -2/46 HPs)
             Began as an Octopode Shapeshifter on July 18, 2023.
             Succumbed to a scorpion's poison
             ... on level 4 of the Dungeon.
             The game lasted 00:03:27 (2265 turns).

LeprechaunX the Changeling (Octopode Shapeshifter)  Turns: 2265, Time: 00:03:27

Health: -2/46      AC:  8    Str: 16    XL:     7   Next: 10%
Magic:  7/7        EV: 13    Int: 11    God:
Gold:   139        SH:  0    Dex: 12    Spells: 6/6 levels left

rFire   . . .        d - +1 mace (protect)
rCold   . . .        (no shield)
rNeg    . . .        (helmet currently unavailable)
rPois   .            (no amulet)
rElec   .            f - ring of wizardry
rCorr   .            (no ring)
SInv    .            (no ring)
Will    .....        (no ring)
Stlth   ++           (no ring)
HPRegen 0.27/turn    (no ring)
MPRegen 0.10/turn    (no ring)
                     (no ring)

%: wizardry (x1)
@: lethally poisoned (-2 -> -12), beast-form, under a protective aura
A: beast (slay +3), almost no armour, amphibious, 8 rings, camouflage 1,
gelatinous body 1, (nimble swimmer 1), tentacles
a: Begin Untransformation


You were on level 4 of the Dungeon.
You were a hulking beast.
You visited 1 branch of the dungeon, and saw 4 of its levels.

You collected 139 gold pieces.

Inventory:

Hand Weapons
 d - a +1 mace of protection (weapon)
Missiles
 n - a throwing net
Jewellery
 f - a ring of wizardry (left tentacle)
Talismans
 b - a beast talisman
 e - a maw talisman
Wands
 l - a wand of polymorph (10)
Scrolls
 j - a scroll of poison {unknown}
Potions
 a - 3 potions of lignification
 c - 2 potions of enlightenment {unknown}
 g - 2 potions of curing {unknown}
 h - a potion of mutation {unknown}
 i - 3 potions of heal wounds {unknown}
 k - 2 potions of ambrosia {unknown}
 m - 2 potions of cancellation {unknown}


   Skills:
 + Level 3.4 Fighting
 + Level 2.6 Maces & Flails
 + Level 3.3 Dodging
 + Level 3.5 Unarmed Combat
 * Level 4.5 Shapeshifting


You had 6 spell levels left.
You didn't know any spells.
Your spell library contained the following spells:

 Spells                   Type           Power      Damage    Failure   Level
 Portal Projectile        Hex/Tloc       0%         N/A       38%         3
 Tukima's Dance           Hex            0%         N/A       38%         3
 Iskenderun's Mystic Bla  Conj/Tloc      0%         2d3       77%         4


Dungeon Overview and Level Annotations

Branches:
Dungeon (4/15)             Temple (0/1) D:4

Altars:
Kikubaaqudgha
Ru
Xom


Innate Abilities, Weirdness & Mutations

You are a hulking beast.
Your limbs bulge with bestial killing power. (Slay +3)
You cannot wear most types of armour.
You are amphibious.
You can wear up to eight rings at the same time.
Your skin changes colour to match your surroundings (Stealth+).
Your rubbery body absorbs attacks. (AC +1, EV +1)
((You are camouflaged when in or above water. (Stealth+)))
You have tentacles for arms and can constrict up to eight enemies at once.


Message History

You hit Duvessa.
Duvessa is moderately wounded.
You constrict Duvessa, but do no damage.
Duvessa hits you with a +0 short sword. Duvessa misses you.
You are too injured to fight recklessly!
You are too injured to fight recklessly!
You are too injured to fight recklessly!
Unknown command.
You hit Duvessa.
Duvessa is heavily wounded.
You constrict Duvessa. Duvessa hits you with a +0 short sword.
You hit Duvessa.
Duvessa is severely wounded.
You constrict Duvessa! The scorpion stings you. x2
* * * LOW HITPOINT WARNING * * *
Duvessa misses you.
You hit the scorpion. Your grab misses the scorpion.
You tentacle-slap the scorpion.
The scorpion is moderately wounded.
You constrict Duvessa. The scorpion stings you.
* * * LOW HITPOINT WARNING * * *
Duvessa hits you with a +0 short sword.
* * * LOW HITPOINT WARNING * * *
The scorpion barely misses you.
You sock Duvessa!
You kill Duvessa!
You hear a distant wail of despair.
The scorpion barely misses you.
You have reached level 7!
You barely miss the scorpion. Your grab misses the scorpion.
You tentacle-slap the scorpion, but do no damage.
The scorpion is moderately wounded.
The scorpion stings you but does no damage.
The scorpion stings you.
* * * LOW HITPOINT WARNING * * *
You are lethally poisoned!
The scorpion poisons you!
You hit the scorpion. Your grab misses the scorpion.
Your squeeze misses the scorpion.
The scorpion is heavily wounded.
You die...

#####.!## .....#..#
####### ........##
#.....# #.....####.....#
#............#
#####.##...#.....#
#####..)..####.#.....###
................<..[...#
.....>sh..##...#.....#..
......)...###.)......#
####......# #........#
#........####.......
...$....... .........
####.....#.## .........
#........ #........
##.#....## .....


You could see a scorpion.

Vanquished Creatures
  Grinder (D:3)
  Duvessa (D:4)
  An orc priest (D:4)
  Terence (D:2)
  Natasha (D:2)
  A gnoll (D:1)
  3 adders
  2 dart slugs
  4 bats
  3 endoplasms
  A giant cockroach (D:2)
  5 goblins
  6 hobgoblins
  4 ball pythons
  A frilled lizard (D:2)
  12 kobolds
  6 rats
53 creatures vanquished.

Notes
Turn   | Place    | Note
-------+----------+-------------------------------------------
     0 | D:1      | LeprechaunX the Octopode Shapeshifter began the quest for
                  | the Orb.
     0 | D:1      | Reached XP level 1. HP: 14/14 MP: 1/1
   254 | D:1      | Reached XP level 2. HP: 19/19 MP: 2/2
   447 | D:1      | Reached XP level 3. HP: 16/24 MP: 3/3
   902 | D:2      | Noticed Terence
   908 | D:2      | Killed Terence
   909 | D:2      | Reached skill level 1 in Maces & Flails
   909 | D:2      | Reached XP level 4. HP: 21/30 MP: 4/4
  1009 | D:2      | Noticed Natasha
  1014 | D:2      | Killed Natasha
  1266 | D:2      | Reached XP level 5. HP: 35/35 MP: 5/5
  1599 | D:3      | Found a shimmering altar of Xom.
  1610 | D:3      | Found an ancient bone altar of Kikubaaqudgha.
  1736 | D:3      | Noticed Grinder
  1743 | D:3      | Killed Grinder
  1744 | D:3      | Reached skill level 4 in Shapeshifting
  1744 | D:3      | Reached XP level 6. HP: 21/42 MP: 6/6
  2023 | D:3      | Found a sacrificial altar of Ru.
  2248 | D:4      | Found a staircase to the Ecumenical Temple.
  2251 | D:4      | Noticed Duvessa
  2263 | D:4      | Killed Duvessa
  2264 | D:4      | Reached XP level 7. HP: 5/46 MP: 7/7
  2264 | D:4      | HP: 2/46 [scorpion (4)]
  2265 | D:4      | Succumbed to a scorpion's poison

Illustrated notes

Levels and vault maps discovered:
D:1:      psy_arrival_spokes, layout_loops_ring, minmay_misc_feat_roman
D:2:      layout_basic, uniq_terence, uniq_natasha
D:3:      layout_loops_cross, mainiacjoe_overflow_large_starburst,
          nicolae_ru_path_of_blood, uniq_grinder
D:4:      layout_rooms, minmay_temple_entry_proselytizer, serial_shops, shop,
          minmay_misc_feat_ornament, grunt_ministairs_11,
          dreamdust_mushroom_princess, uniq_duvessa

Skill      XL: |  1  2  3  4  5 |
---------------+----------------+-----
Maces & Flails | 1 2 |  2.6
Fighting       | 3 |  3.4
Dodging        | 3 |  3.3
Unarmed Combat | 3 |  3.5
Shapeshifting  | 4 |  4.5

Action                     |  1- 3 |  4- 6 |  7- 9 || total
---------------------------+-------+-------+-------++-------
  Melee: Unarmed           |    10 |       |       ||    10
         Constrict         |    13 |    14 |       ||    27
         Tentacles         |     8 |    10 |       ||    18
         Punch             |     1 |     2 |     1 ||     4
         Mace              |    25 |    54 |     2 ||    81
   Stab: Sleeping          |     2 |     9 |       ||    11
 Armour: Skin              |     4 |    10 |     1 ||    15
  Dodge: Dodged            |    23 |    41 |       ||    64

Table legend: (Time is in decaauts)
 A = Elapsed time spent in this place.
 B = Non-inter-level travel time spent in this place.
 C = Inter-level travel time spent in this place.
 D = Time resting spent in this place.
 E = Time spent auto-exploring this place.
 F = Levels seen in this place.
 G = Mean time per level.
                   A        B        C        D        E       F      G
               +--------+--------+--------+--------+--------+-----+--------+
         Total |   2289 |   2136 |    153 |      0 |   1802 |   4 |  572.2 |
       Dungeon |   2289 |   2136 |    153 |      0 |   1802 |   4 |  572.2 |
               +--------+--------+--------+--------+--------+-----+--------+

Top non-repeatable levels by time:
     D:3: 877 daAuts
     D:1: 799 daAuts
     D:2: 583 daAuts
     D:4: 29 daAuts
